 Dungeon Crawl Stone Soup version 0.26-a0-497-g0187308201 (webtiles) character file.

Game seed: 15436620737439287319

40 MrRokkomies the Stinger (level 3, 0/22 HPs)
             Began as an Octopode Venom Mage on Aug 6, 2020.
             Slain by a goblin (2 damage)
             ... on level 2 of the Dungeon.
             The game lasted 00:01:54 (1809 turns).

MrRokkomies the Stinger (Octopode Venom Mage)       Turns: 1809, Time: 00:01:55

Health: 0/22       AC:  1    Str:  7    XL:     3   Next: 50%
Magic:  6/6        EV: 14    Int: 18    God:
Gold:   61         SH:  0    Dex: 12    Spells: 0/6 levels left

rFire    . . .     SeeInvis .   b - +0 spear
rCold    . . .     Faith    .   (no shield)
rNeg     . . .     Spirit   .   (helmet restricted)
rPois    .         Reflect  .   (no amulet)
rElec    .         Harm     .   (no ring)
rCorr    .                      (no ring)
MR       .....                  (no ring)
Stlth    +++.......             (no ring)
HPRegen  0.07/turn              (no ring)
MPRegen  0.10/turn              (no ring)
                                (no ring)
                                (no ring)

@: no status effects
A: almost no armour, stealthy swim, amphibious, 8 rings, constrict 8, camouflage
1, gelatinous body 1
a: no special abilities


You were on level 2 of the Dungeon.
You visited 1 branch of the dungeon, and saw 2 of its levels.

You collected 61 gold pieces.

Inventory:

Hand Weapons
 b - a +0 spear (weapon)
Scrolls
 a - a scroll of enchant weapon {unknown}
Potions
 c - a potion of flight {unknown}
 e - a potion of degeneration {unknown}


   Skills:
 + Level 0.9 Fighting
 * Level 2.6 Dodging
 + Level 3.2 Stealth
 - Level 2.0 Spellcasting
 - Level 1.0 Transmutations
 * Level 4.3 Poison Magic


You couldn't memorise any spells.
You knew the following spells:

 Your Spells              Type           Power        Failure   Level
a - Sting                 Tmut/Pois      ##..         6%          1
b - Poisonous Vapours     Pois/Air       #.....       11%         2
c - Mephitic Cloud        Conj/Pois/Air  #.......     30%         3

Your spell library contained the following spells:

 Spells                   Type           Power        Failure   Level
 Ignite Poison            Fire/Tmut/Pois #.......     26%         3
 Olgreb's Toxic Radiance  Pois           ###.....     30%         4


Dungeon Overview and Level Annotations

Branches:
Dungeon (2/15)

Altars:


Innate Abilities, Weirdness & Mutations

You cannot wear most types of armour.
You are very stealthy in the water. (Stealth+)
You are amphibious.
You can wear up to eight rings at the same time.
You can use your tentacles to constrict eight enemies at once.
Your skin changes colour to match your surroundings (Stealth+).
Your rubbery body absorbs attacks. (AC +1, EV +1)


Message History

The ball python constricts you.
The goblin shoots a stone.
The stone hits you!
* * * LOW HITPOINT WARNING * * *
The ball python closely misses you.
* * * LOW HITPOINT WARNING * * *
The ball python constricts you.
You escape the ball python's grasp.
The goblin shoots a stone.
The stone closely misses you.
You see here a stone.
You hit the ball python.
You kill the ball python!
The goblin shoots a stone.
The stone misses you.
There is an open door here.
You close the door.
You start resting.
A goblin opens the door.
It is wielding a +0 hunting sling.
The goblin unwields a +0 hunting sling.
The goblin hits you.
* * * LOW HITPOINT WARNING * * *
There is an open door, spattered with blood here.
You closely miss the goblin. Your grab misses the goblin. The goblin hits you.
You die...

#............
#............
#............
#............
###########............
###.........#....########
............'............
###.........#.†..##.###.#
######@####...(# #<..#
#g# #....# ##### #.#
#....# # ###+#######.#
#....# # .$..........#
#..... # ............#
#.....# # ......(.(...# #
.......(....# #
.......†....#


You could see a goblin.

Vanquished Creatures
  An ooze (D:2)
  A dart slug (D:2)
  3 leopard geckos (D:1)
  A giant cockroach (D:1)
  5 goblins (D:1)
  4 hobgoblins (D:1)
  2 jackals (D:1)
  A quokka (D:2)
  A ball python (D:2)
  3 bats
  3 frilled lizards (D:1)
  2 kobolds
  2 rats (D:1)
29 creatures vanquished.

Notes
Turn   | Place    | Note
-------+----------+-------------------------------------------
     0 | D:1      | MrRokkomies the Octopode Venom Mage began the quest for the
                  | Orb.
     0 | D:1      | Reached XP level 1. HP: 11/11 MP: 3/3
   365 | D:1      | Reached XP level 2. HP: 6/17 MP: 5/5
   599 | D:1      | Reached skill level 4 in Poison Magic
  1318 | D:1      | Reached XP level 3. HP: 18/22 MP: 6/6
  1729 | D:2      | Learned a level 2 spell: Poisonous Vapours
  1733 | D:2      | Learned a level 3 spell: Mephitic Cloud
  1809 | D:2      | Slain by a goblin

Illustrated notes

Levels and vault maps discovered:
D:1:      evilmike_arrival_crescent, layout_basic, serial_glass,
          glass_columns_a, glass_columns_c
D:2:      layout_basic, nemelex_xobeh_ov_fountains_minmay, feat_on_display,
          uniq_terence

Skill      XL: |  1  2 |
---------------+-------+-----
Poison Magic   | 4 |  4.3
Stealth        | 3 |  3.2
Fighting       | |  0.9
Dodging        | |  2.6
Spellcasting   | |  2.0
Transmutations | |  1.0

Action                   || total
-------------------------++-------
Melee: Spear             ||    91
       Constrict         ||    20
       Unarmed           ||     3
       Tentacles         ||    10
 Cast: Sting             ||     1
  Use: Scroll            ||     3
 Stab: Sleeping          ||     8
Armor: Skin              ||     3
Dodge: Dodged            ||    57

Table legend: (Time is in decaauts)
 A = Elapsed time spent in this place.
 B = Non-inter-level travel time spent in this place.
 C = Inter-level travel time spent in this place.
 D = Time resting spent in this place.
 E = Time spent auto-exploring this place.
 F = Levels seen in this place.
 G = Mean time per level.
                   A        B        C        D        E       F      G
               +--------+--------+--------+--------+--------+-----+--------+
         Total |   1817 |   1804 |     13 |    489 |   1074 |   2 |  908.5 |
       Dungeon |   1817 |   1804 |     13 |    489 |   1074 |   2 |  908.5 |
               +--------+--------+--------+--------+--------+-----+--------+

Top non-repeatable levels by time:
     D:1: 1731 daAuts
     D:2: 85 daAuts
